 Dungeon Crawl Stone Soup version 0.28-a0-863-g8cecda6153 (webtiles) character file.

Game seed: 16236227989825611926

201065 siradein the Brawler (level 17, 0/172 HPs)
             Began as a Troll Hunter on Nov 16, 2021.
             Was the Champion of Okawaru.
             Slain by a jumping spider (17 damage)
             ... on level 2 of the Spider Nest on Nov 17, 2021.
             The game lasted 02:36:17 (33361 turns).

siradein the Brawler (Troll Hunter)                Turns: 33361, Time: 02:36:18

Health: 0/172      AC:  0    Str: 24    XL:     17   Next: 90%
Magic:  0/33       EV: 20    Int: 11    God:    Okawaru [******]
Gold:   1062       SH: 14    Dex: 17    Spells: 13/16 levels left

rFire   + + .      SeeInvis +     - Unarmed
rCold   . . .      Faith    .   U - +3 kite shield {AC+3}
rNeg    + . .      Spirit   +   V - +2 troll leather armour
rPois   +          Reflect  .   s - +0 hat of Withritu {Int+2 SInv}
rElec   +          Harm     .   t - +2 cloak {rCorr}
rCorr   +          Rampage  .   (gloves unavailable)
Will    +....                   (boots unavailable)
Stlth   +.........              W - amulet of Murhuq {Spirit rPois rF++ Regen+ Int+2}
HPRegen 3.38/turn               g - ring "Xubacutoa" {rElec rPois rN+ MP+9}
MPRegen 0.23/turn               u - ring "Tinliu" {Fly EV+4 Dex+2}

@: corroded, flying, studying 2 skills
A: large, unfitting armour, claws 3, regeneration 1, shaggy fur 1, tough skin 1
}: 1/15 runes: decaying
a: Renounce Religion, Heroism, Finesse, Duel


You were on level 2 of the Spider Nest.
You worshipped Okawaru.
Okawaru was exalted by your worship.
You visited 6 branches of the dungeon, and saw 30 of its levels.
You also visited: Trove, Sewer, Ossuary and Volcano.

You collected 2807 gold pieces.
You spent 1745 gold pieces at shops.

Inventory:

Hand Weapons
 R - the +5 dagger "Rafel" {antimagic, Str+9}
   (You found it on level 10 of the Dungeon)

   It reduces the magical energy of the wielder, and disrupts the spells and
   magical abilities of those it strikes.
   Natural abilities and divine invocations are not affected.
   Str:       It affects your strength (+9).
Missiles
 c - 55 large rocks (quivered)
 d - 3 throwing nets
 k - 11 javelins
 l - 11 atropa-tipped darts
 B - 13 boomerangs
 F - 97 poisoned darts
 H - 8 curare-tipped darts
 K - a boomerang of dispersal
Armour
 s - the +0 hat of Withritu (worn) {Int+2 SInv}
   (You acquired it on level 15 of the Dungeon)

   Int:       It affects your intelligence (+2).
   SInv:      It lets you see invisible.
 t - a +2 cloak of preservation (worn)
 U - a +3 kite shield of protection (worn)
 V - a +2 troll leather armour (worn)
Jewellery
 g - the ring "Xubacutoa" (left claw) {rElec rPois rN+ MP+9}
   (You acquired it on level 15 of the Dungeon)

   [ring of magical power]

   rElec:     It insulates you from electricity.
   rPois:     It protects you from poison.
   rN:        It protects you from negative energy.
   MP:        It affects your magic capacity (+9).
 h - a +4 ring of slaying
 u - the ring "Tinliu" (right claw) {Fly EV+4 Dex+2}
   (You bought it in a shop on level 2 of the Orcish Mines)

   [ring of evasion]

   EV:        It affects your evasion (+4).
   Dex:       It affects your dexterity (+2).
   Fly:       It grants you flight.
 M - a ring of protection from fire
 N - a ring of willpower
 Q - a ring of wizardry
 W - the amulet of Murhuq (around neck) {Spirit rPois rF++ Regen+ Int+2}
   (You found it in a treasure trove)

   [amulet of guardian spirit]

   It causes incoming damage to be divided between your reserves of health and
   magic.
   Int:       It affects your intelligence (+2).
   rF:        It greatly protects you from fire.
   rPois:     It protects you from poison.
   Regen:     It increases your rate of health regeneration.
Wands
 e - a wand of polymorph (17)
 n - a wand of digging (7)
 q - a wand of flame (79)
 O - a wand of paralysis (17)
 P - a wand of acid (27)
 T - a wand of mindburst (19)
Scrolls
 b - 10 scrolls of fear
 i - a scroll of blinking
 j - 7 scrolls of immolation
 r - 12 scrolls of teleportation
 x - 3 scrolls of holy word
 y - 2 scrolls of amnesia
 D - 2 scrolls of enchant weapon
 E - 4 scrolls of magic mapping
 Y - a scroll of fog
Potions
 a - 5 potions of ambrosia
 f - 5 potions of cancellation
 m - 2 potions of magic
 o - 6 potions of invisibility
 p - 11 potions of curing
 v - 5 potions of lignification
 w - 2 potions of attraction
 z - 4 potions of heal wounds
 A - 5 potions of haste
 C - a potion of brilliance
 G - 2 potions of mutation
 I - 5 potions of might
 J - 4 potions of resistance
 L - 5 potions of berserk rage
Miscellaneous
 S - a phial of floods
 X - a tin of tremorstones (2/2)
 Z - a lightning rod (4/4)


   Skills:
 + Level 12.0 Fighting
 + Level 14.3 Throwing
 + Level 7.5 Armour
 + Level 11.9 Dodging
 - Level 0.3 Stealth
 + Level 9.1 Shields
 + Level 15.0 Unarmed Combat
 + Level 2.1 Hexes
 + Level 2.5 Translocations
 + Level 11.3 Invocations


You had 13 spell levels left.
You knew the following spells:

 Your Spells              Type           Power      Damage    Failure   Level
a - Portal Projectile     Hex/Tloc       10%        N/A       41%         3

Your spell library contained the following spells:

 Spells                   Type           Power      Damage    Failure   Level
 Slow                     Hex            16%        N/A       17%         1
 Foxfire                  Conj/Fire      0%         2x1d4     36%         1
 Gell's Gravitas          Tloc           5%         N/A       38%         3
 Lesser Beckoning         Tloc           5%         N/A       38%         3
 Teleport Other           Tloc           5%         N/A       38%         3
 Confusing Touch          Hex            4%         N/A       45%         3
 Scorch                   Fire           0%         2d5       52%         2
 Dazzling Flash           Conj/Hex       4%         N/A       61%         3
 Inner Flame              Hex/Fire       2%         N/A       61%         3
 Conjure Flame            Conj/Fire      0%         6-21      75%         3
 Frozen Ramparts          Ice            0%         1d2       75%         3
 Ignite Poison            Fire/Tmut/Pois 0%         N/A       75%         3
 Mephitic Cloud           Conj/Pois/Air  0%         N/A       75%         3
 Stone Arrow              Conj/Erth      0%         3d7       75%         3
 Vampiric Draining        Necr           0%         2d6       75%         3
 Passage of Golubria      Tloc           5%         N/A       80%         4
 Cause Fear               Hex            2%         N/A       86%         4
 Iskenderun's Mystic Bla  Conj/Tloc      2%         2d3       93%         4
 Leda's Liquefaction      Hex/Erth       1%         N/A       95%         4
 Flame Wave               Conj/Fire      0%         3d3       98%         4
 Ice Form                 Ice/Tmut       0%         N/A       98%         4
 Freezing Cloud           Conj/Ice/Air   0%         6-21      100%        5
 Yara's Violent Unravell  Hex/Tmut       1%         3d3       100%        5
 Eringya's Noxious Bog    Tmut/Pois      0%         N/A       100%        6
 Starburst                Conj/Fire      0%         6d3       100%        6
 Dragon Form              Tmut           0%         N/A       100%        7
 Discord                  Hex            2%         N/A       100%        8
 Lehudib's Crystal Spear  Conj/Erth      0%         10d2      100%        8
 Tukima's Dance           Hex            Unusable   N/A       N/A         3
 Call Canine Familiar     Summ           Unusable   N/A       N/A         3
 Animate Armour           Summ/Erth      Unusable   N/A       N/A         4
 Summon Ice Beast         Ice/Summ       Unusable   N/A       N/A         4
 Summon Forest            Summ/Tloc      Unusable   N/A       N/A         5
 Summon Cactus Giant      Summ           Unusable   N/A       N/A         6
 Summon Hydra             Summ           Unusable   N/A       N/A         7
 Dragon's Call            Summ           Unusable   N/A       N/A         9

Dungeon Overview and Level Annotations

Branches:
Dungeon (15/15)            Temple (1/1) D:5            Lair (6/6) D:8
  Swamp (4/4) Lair:2       Spider (2/4) Lair:3        Slime (0/5) Lair:6
    Orc (2/2) D:11            Elf (0/3) Orc:2        Vaults (0/5) D:13
 Depths (0/4) D:15          Sewer (visited)         Ossuary (visited)
Volcano (visited)

Altars:
Ashenzari
Cheibriados
Dithmenos
Elyvilon
Fedhas
Gozag
Hepliaklqana
Kikubaaqudgha
Makhleb
Nemelex Xobeh
Okawaru
Qazlal
Ru
Sif Muna
Trog
Uskayaw
Vehumet
Wu Jian
Xom
Yredelemnul
Zin
The Shining One
Beogh
Jiyva

Shops:
D:1 (   D:5 *[=[   D:11 (   Orc:2 !?=?

Annotations:
D:15 3 runed translucent doors, Sexan's ghost, journeyman TrBe


Innate Abilities, Weirdness & Mutations

You are too large for most types of armour.
You have claws for hands.
Your natural rate of healing is unusually fast.
You are covered in fur. (AC +1)
You have tough skin. (AC +1)


Message History

The jumping spider is heavily wounded.
The redback bites you.
* * * LOW HITPOINT WARNING * * *
The jumping spider leaps!
The redback barely misses you.
You hear an angry hiss.
The redback bites you!
* * * LOW HITPOINT WARNING * * *
The jumping spider rages.
The jumping spider misses you. You block the jumping spider's attack.
You see here a hornet corpse.
As you read the scroll of fear, it crumbles to dust.
You assume a fearsome visage.
The redback is unaffected. x3
The jumping spider is unaffected. x2; The jumping spider looks frightened!
The tarantella looks frightened!
The demonic crawler looks frightened!
You block the redback's attack. The redback misses you.
The jumping spider leaps!
The redback misses you. x2
Your magical contamination has completely faded away.
The jumping spider leaps!
You block the redback's attack.
Cornered, the demonic crawler turns to fight!
The redback misses you. The redback bites you!
* * * LOW HITPOINT WARNING * * *
You block the redback's attack.
The jumping spider is no longer berserk.
The redback closely misses you. The redback bites you.
* * * LOW HITPOINT WARNING * * *
You are lethally poisoned!
The redback poisons you! You block the redback's attack.
* * * LOW HITPOINT WARNING * * *
You feel extremely sick. You block the redback's attack. x2
Blink to where?
Press: ? - help, Dir - move target
As you read the scroll of blinking, it crumbles to dust.
* * * LOW HITPOINT WARNING * * *
You feel extremely sick.
The jumping spider leaps!
You hear an angry hiss.
You feel better. The jumping spider pounces on you!!
You die...

#...# .. ###..### ### ##.
##......# #####.## ##.. #.
#.#.....###.##...### ###..#
...#....#†#.##........# ##.....
.....^#.<..#....#...#^###..^(..
..###......#.#........##s.....#
. ##.........s......s.#...###
###......@..#...^ss.†.##(.
#.......##.○s.§###†.....
#..#....##......###..#..
##......##......# #.###.
##....#.......## #...##
##^.#..#..?..## ##..##
######....#..## ##ss(
##.......# #### #......##


You could see a jumping spider and a redback (berserk).

Vanquished Creatures
  2 tentacled monstrosities (Swamp:2)
  Jorgrun (Swamp:3)
  A thorn hunter (Swamp:2)
  Frances (D:14)
  4 fenstrider witches
  An orc warlord (Orc:2)
  Aizul (Swamp:2)
  A very ugly thing (Swamp:4)
  Louise (Arena)
  An emperor scorpion (Spider:1)
  3 bunyips
  4 entropy weavers
  Azrael (Orc:2)
  7 eleionomae
  2 ettins
  2 green deaths (Swamp:4)
  A fire dragon (D:13)
  12 hydras
  A great orb of eyes (Swamp:4)
  A spriggan air mage (Swamp:2)
  2 ogre magi
  A vault guard (D:10)
  9 boulder beetles
  A ghost crab (Swamp:4)
  2 hell beasts (Swamp:4)
  A catoblepas (Lair:3)
  3 centaur warriors
  15 two-headed ogres
  4 death yaks
  4 tengu warriors
  8 alligators
  4 orc high priests (Orc:2)
  2 thrashing horrors (Swamp:4)
  Nergalle (D:10)
  5 skeletal warriors (D:14)
  A spriggan druid (Swamp:1)
  5 goliath frogs
  A deep elf archer (Volcano)
  6 swamp dragons
  A necromancer (D:15)
  8 bog bodies
  4 orc knights
  A wizard (D:15)
  3 oklob plants
  A phantasmal warrior (D:13)
  12 orb spiders
  10 deep elf pyromancers
  13 ugly things
  13 wolf spiders
  5 cyclopes
  5 orc sorcerers
  A manticore (D:14)
  2 moths of wrath
  29 elephants
  3 will-o-the-wisps
  9 black mambas
  2 naga magi (D:15)
  Maggie (D:6)
  An unseen horror (D:11)
  2 orange demons (Swamp:4)
  13 cane toads
  3 rime drakes
  3 kobold demonologists
  8 komodo dragons
  3 demonic crawlers
  A freezing wraith (D:14)
  2 tengu conjurers (D:15)
  5 trolls
  Grinder (D:3)
  23 jumping spiders
  9 polar bears
  A wolf spider simulacrum (D:15)
  21 blink frogs
  20 hornets
  15 slime creatures
  11 dream sheep
  9 tyrant leeches
  A tarantella (shapeshifter) (D:13)
  Sigmund (D:5)
  16 spriggans
  A large abomination (Swamp:4)
  3 shadows
  2 wraiths
  A centaur simulacrum (D:15)
  26 yaks
  A vampire (D:12)
  5 fire elementals
  7 tarantellas
  53 redbacks
  4 wyverns
  3 basilisks
  A hog (shapeshifter) (D:10)
  A steam dragon (Lair:3)
  8 vampire mosquitoes
  Edmund (D:4)
  4 wargs
  A harpy simulacrum (D:15)
  2 acid dragons
  21 swamp worms
  11 hell hounds
  15 water moccasins
  A swamp drake (Swamp:3)
  42 orc warriors
  2 ice beasts
  4 black bears
  A necrophage (D:4)
  23 wolves
  5 boggarts (Lair:6)
  23 ogres
  10 centaurs
  Blork the orc (D:5)
  5 kobold brigands
  3 scorpions
  A gnoll sergeant (D:8)
  16 bullfrogs
  2 water moccasin zombies (D:5)
  11 killer bees
  3 wights (D:8)
  3 electric eels
  2 howler monkeys
  2 bullfrog zombies (D:5)
  3 centaur zombies
  2 hounds
  A gnoll shaman (D:8)
  33 orc priests
  A bullfrog skeleton (D:4)
  A jelly (D:8)
  3 centaur skeletons
  A human zombie (Ossuary)
  4 hell rats
  An iguana (D:6)
  Ijyb (D:2)
  Natasha (thrice) (D:3 D:4)
  25 orc wizards
  A small abomination (Swamp:4)
  5 hound zombies
  A hound skeleton (D:4)
  3 mummies (Ossuary)
  A howler monkey zombie (D:9)
  13 gnolls
  6 river rats (Sewer)
  8 adders
  A shadow imp (D:7)
  2 white imps
  An ufetubus (D:2)
  4 adder zombies (Ossuary)
  2 dart slugs (D:2)
  129 orcs
  4 bats
  4 endoplasms
  4 giant cockroaches
  A gnoll zombie (Ossuary)
  10 goblins
  5 hobgoblins
  2 quokkas
  10 ball pythons
  4 frilled lizards
  3 goblin zombies (Ossuary)
  5 hobgoblin zombies (Ossuary)
  6 jackal zombies (Ossuary)
  28 kobolds
  2 kobold zombies (Ossuary)
  3 orc zombies (Ossuary)
  A quokka zombie (Ossuary)
  24 rats
  5 rat zombies (Ossuary)
  A bush (Lair:4)
1124 creatures vanquished.

Vanquished Creatures (others)
  A wizard (D:15)
  A bloated husk (Swamp:2)
  A human (D:6)
  12 foxfires
  38 fungi
  43 plants
96 creatures vanquished.

Grand Total: 1220 creatures vanquished

Notes
Turn   | Place    | Note
-------+----------+-------------------------------------------
     0 | D:1      | siradein the Troll Hunter began the quest for the Orb.
     0 | D:1      | Reached XP level 1. HP: 19/19 MP: 0/0
   208 | D:1      | Reached XP level 2. HP: 21/28 MP: 1/1
   257 | D:1      | Found Vobephiang's Weapon Shop.
   326 | D:1      | Reached skill level 1 in Unarmed Combat
   634 | D:1      | Reached XP level 3. HP: 33/35 MP: 2/2
  1162 | D:2      | Reached XP level 4. HP: 27/42 MP: 3/3
  1310 | D:2      | Found a snail-covered altar of Cheibriados.
  1535 | D:3      | Noticed Ijyb
  1550 | D:2      | Killed Ijyb
  1551 | D:2      | Reached skill level 2 in Unarmed Combat
  1559 | D:3      | Noticed Natasha
  1578 | D:3      | Killed Natasha
  1579 | D:3      | Reached XP level 5. HP: 29/50 MP: 4/4
  1707 | D:3      | You fall into a shaft and drop 1 floor!
  1714 | D:3      | Noticed Grinder
  1714 | D:3      | Noticed Natasha
  1728 | D:4      | Killed Natasha
  1794 | D:3      | Killed Grinder
  1795 | D:3      | Reached skill level 3 in Unarmed Combat
  1795 | D:3      | Reached XP level 6. HP: 41/61 MP: 5/5
  1854 | D:3      | Found a faded altar of an unknown god.
  1854 | D:3      | Found a faded altar of an unknown god.
  2205 | D:4      | Noticed Natasha
  2216 | D:4      | Reached skill level 5 in Throwing
  2216 | D:4      | Reached XP level 7. HP: 52/67 MP: 6/6
  2219 | D:4      | Killed Natasha
  2467 | D:4      | Noticed Edmund
  2480 | D:4      | Killed Edmund
  2481 | D:4      | Reached skill level 4 in Unarmed Combat
  2814 | D:5      | Entered Level 5 of the Dungeon
  2814 | D:5      | Found Bisetu's Assorted Antiques.
  2822 | D:5      | Reached XP level 8. HP: 77/78 MP: 7/7
  2883 | D:5      | Found Wiov's Armour Emporium.
  3219 | D:5      | Noticed Sigmund
  3233 | D:5      | Killed Sigmund
  3234 | D:5      | Reached skill level 5 in Unarmed Combat
  3270 | D:5      | Noticed Blork the orc
  3281 | D:5      | Killed Blork the orc
  3401 | D:5      | Found Joskeitu's Jewellery Boutique.
  3443 | D:5      | Found a staircase to the Ecumenical Temple.
  3469 | Temple   | Entered the Ecumenical Temple
  3570 | Temple   | Became a worshipper of Warmaster Okawaru
  3606 | D:5      | You fall into a shaft and drop 2 floors!
  3877 | D:7      | Reached skill level 5 in Fighting
  3877 | D:7      | Reached skill level 5 in Dodging
  4017 | D:7      | Found a sand-covered staircase.
  4029 | Ossuary  | Entered an ossuary
  4156 | Ossuary  | Reached XP level 9. HP: 88/88 MP: 8/8
  4445 | D:6      | Reached skill level 6 in Unarmed Combat
  4546 | D:6      | Found a glowing drain.
  4557 | Sewer    | Entered a sewer
  4678 | Sewer    | Reached * piety under Okawaru
  5195 | D:6      | Found an ancient bone altar of Kikubaaqudgha.
  5522 | D:5      | Found a stormy altar of Qazlal.
  5595 | D:5      | Found Dorofifi's Antique Armour Shop.
  5613 | D:5      | Bought an ancient hat for 153 gold pieces
  5613 | D:5      | Identified the +0 hat "Guurhoal" {rC- rN+++ Slay-5 Stlth+}
                  | (You bought it in a shop on level 5 of the Dungeon)
  5955 | D:6      | Noticed Maggie
  5976 | D:6      | Killed Maggie
  5976 | D:6      | Reached ** piety under Okawaru
  6579 | D:7      | Found a bloodstained altar of Trog.
  7157 | D:8      | Reached skill level 1 in Invocations
  7405 | D:8      | Found an ornate altar of the Wu Jian Council.
  7485 | D:8      | Reached skill level 7 in Unarmed Combat
  7490 | D:8      | Reached XP level 10. HP: 64/96 MP: 10/10
  7555 | D:8      | Found a staircase to the Lair.
  7580 | D:8      | Reached *** piety under Okawaru
  8827 | D:9      | Noticed a two-headed ogre
  9010 | D:9      | Killed a two-headed ogre
  9010 | D:9      | Reached **** piety under Okawaru
  9188 | D:9      | Noticed a wolf spider
  9196 | D:9      | Killed a wolf spider
  9328 | D:9      | Found a hide-covered altar of Uskayaw.
  9329 | D:9      | Found a white marble altar of Elyvilon.
  9369 | D:10     | Entered Level 10 of the Dungeon
  9405 | D:9      | Reached skill level 8 in Unarmed Combat
  9478 | D:9      | Reached ***** piety under Okawaru
  9513 | D:10     | Received a gift from Okawaru
  9695 | D:10     | Reached XP level 11. HP: 107/109 MP: 11/13
  9844 | D:10     | Found a runed translucent door.
  9847 | D:10     | Noticed a white ugly thing
  9887 | D:10     | Killed a white ugly thing
 10074 | D:10     | Noticed a vault guard
 10123 | D:10     | Killed a vault guard
 10171 | D:10     | Found a portal to a secret trove of treasure.
 10325 | D:10     | Received a gift from Okawaru
 10406 | D:10     | Noticed Nergalle
 10427 | D:10     | Killed Nergalle
 10488 | D:10     | Identified the +0 hat of the Pure Coins {Str+3} (Okawaru
                  | gifted it to you on level 10 of the Dungeon)
 10488 | D:10     | Received a gift from Okawaru
 10518 | D:10     | Found the +9 staff of Olgreb {rPois∞}
 10531 | D:10     | Noticed a wolf spider
 10532 | D:10     | Found a runed translucent gate.
 10532 | D:10     | Noticed a wolf spider
 10622 | D:10     | Found a runed translucent door.
 10624 | D:10     | Found a runed translucent gate.
 10633 | D:10     | Found a runed translucent gate.
 10636 | D:10     | Identified the +5 dagger "Rafel" {antimagic, Str+9}
 10778 | D:11     | Noticed a two-headed ogre
 10822 | D:10     | Killed a two-headed ogre
 10945 | D:11     | Noticed a two-headed ogre
 10960 | D:11     | Killed a two-headed ogre
 10961 | D:11     | Reached skill level 5 in Invocations
 11494 | D:11     | Found a staircase to the Orcish Mines.
 11546 | D:11     | Reached skill level 9 in Unarmed Combat
 11615 | D:11     | Noticed a two-headed ogre
 11620 | D:11     | Killed a two-headed ogre
 11661 | D:11     | Found Faeplisch's Antique Weapon Emporium.
 11662 | D:11     | Noticed a two-headed ogre
 11663 | D:11     | Noticed a two-headed ogre
 11742 | D:11     | Killed a two-headed ogre
 11791 | D:11     | Killed a two-headed ogre
 11918 | D:11     | Bought a runed demon whip for 432 gold pieces
 11960 | D:11     | Identified 4 scrolls of acquirement
 12027 | D:10     | You paid a toll of a +5 demon whip to enter a treasure
                  | trove
 12028 | Trove    | Entered a treasure trove
 12057 | Trove    | Found the +10 tower shield of Ignorance {rN+ Int-4}
 12064 | Trove    | Identified the +2 robe "Qeroips" {SInv}
 12089 | Trove    | Identified the amulet of Murhuq {Spirit rPois rF++ Regen+
                  | Int+2}
 12093 | Trove    | Identified the amulet "Soac Ycouvif" {Acrobat -Cast rN+
                  | rCorr Str+3}
 12337 | Lair:1   | Entered Level 1 of the Lair of Beasts
 12395 | Lair:1   | Found a dark tunnel.
 12431 | Volcano  | Entered a volcano
 12456 | Volcano  | Reached XP level 12. HP: 115/119 MP: 12/15
 12500 | Volcano  | Received a gift from Okawaru
 12531 | Volcano  | Reached skill level 1 in Shields
 12534 | Volcano  | Received a gift from Okawaru
 13176 | Lair:1   | Reached skill level 10 in Unarmed Combat
 13464 | Lair:1   | Reached skill level 10 in Throwing
 13677 | Lair:2   | Reached ****** piety under Okawaru
 13792 | Lair:2   | Found a staircase to the Swamp.
 13913 | Lair:2   | Identified the +0 robe of the Volcano {Fly rF+ Str+3}
                  | (Okawaru gifted it to you on level 2 of the Lair of Beasts)
 13913 | Lair:2   | Received a gift from Okawaru
 13927 | Lair:2   | Reached XP level 13. HP: 91/130 MP: 7/17
 14105 | Lair:2   | You fall into a shaft and drop 2 floors!
 14435 | Lair:2   | Found a basalt altar of Yredelemnul.
 15571 | Lair:3   | Found a hole to the Spider Nest.
 15959 | Lair:4   | Received a gift from Okawaru
 16151 | Lair:4   | Reached skill level 1 in Armour
 16293 | Lair:4   | Reached skill level 11 in Unarmed Combat
 16849 | Lair:4   | Reached skill level 5 in Shields
 17077 | Lair:5   | Reached XP level 14. HP: 131/140 MP: 16/19
 17539 | Lair:5   | Found a blossoming altar of Fedhas.
 17731 | Lair:5   | Received a gift from Okawaru
 17842 | Lair:6   | Entered Level 6 of the Lair of Beasts
 17903 | Lair:5   | Received a gift from Okawaru
 18011 | Lair:6   | Found a staircase to the Slime Pits.
 18011 | Lair:6   | Found a viscous altar of Jiyva.
 18077 | Lair:6   | Received a gift from Okawaru
 18299 | Lair:6   | Received a gift from Okawaru
 18419 | Lair:6   | Reached skill level 10 in Fighting
 18838 | Lair:6   | Reached skill level 10 in Dodging
 19792 | Orc:1    | Entered Level 1 of the Orcish Mines
 20609 | Orc:2    | Entered Level 2 of the Orcish Mines
 21096 | Orc:2    | Found Surerem's Magic Scroll Boutique.
 21141 | Orc:2    | Bought a scroll of magic mapping for 59 gold pieces
 21141 | Orc:2    | Bought a scroll of identify for 34 gold pieces
 21141 | Orc:2    | Bought a scroll of identify for 34 gold pieces
 21141 | Orc:2    | Bought a scroll of identify for 34 gold pieces
 21141 | Orc:2    | Bought a scroll of enchant armour for 127 gold pieces
 21179 | Orc:2    | Reached XP level 15. HP: 113/145 MP: 6/20
 21195 | Orc:2    | Reached skill level 12 in Unarmed Combat
 21195 | Orc:2    | Found Kyamurch's Jewellery Shop.
 21326 | Orc:2    | Received a gift from Okawaru
 21385 | Orc:2    | Bought the ring "Tinliu" {Fly EV+4 Dex+2} for 788 gold
                  | pieces
 21712 | Orc:2    | Found a staircase to the Elven Halls.
 21766 | Orc:2    | Received a gift from Okawaru
 21885 | Orc:2    | Noticed Azrael
 21909 | Orc:2    | Killed Azrael
 22070 | Orc:2    | Noticed an orc warlord
 22114 | Orc:2    | Killed an orc warlord
 22114 | Orc:2    | Received a gift from Okawaru
 22251 | Orc:2    | Found Warog's Distillery.
 22335 | Orc:2    | Identified the +9 rapier "Tattletale" {drain, Drain +Blink
                  | Str+5 Dex+4} (Okawaru gifted it to you on level 2 of the
                  | Orcish Mines)
 22335 | Orc:2    | Received a gift from Okawaru
 22531 | Orc:2    | Found Quqasasa's Magic Scroll Shoppe.
 22539 | Orc:2    | Bought a scroll of identify for 28 gold pieces
 22539 | Orc:2    | Bought a scroll of identify for 28 gold pieces
 22539 | Orc:2    | Bought a scroll of identify for 28 gold pieces
 23712 | D:12     | Received a gift from Okawaru
 23713 | D:12     | Reached skill level 5 in Armour
 24050 | D:13     | Received a gift from Okawaru
 24757 | D:13     | Found a gate to the Vaults.
 24763 | D:13     | Identified the +1 plate armour of the Exiled Wars {Rampage
                  | rElec rCorr Dex-2}
 24814 | D:14     | Noticed Frances
 24831 | D:14     | Killed Frances
 24939 | D:14     | Found a white marble altar of Elyvilon.
 25328 | D:14     | Reached skill level 10 in Invocations
 25404 | D:14     | Reached XP level 16. HP: 144/161 MP: 18/22
 25918 | D:15     | Entered Level 15 of the Dungeon
 25995 | D:15     | Found a runed translucent gate.
 25996 | D:15     | Found a runed translucent gate.
 25997 | D:15     | Found a runed translucent gate.
 25999 | D:15     | Noticed Sexan's ghost (journeyman TrBe)
 26044 | D:15     | Received a gift from Okawaru
 26453 | D:15     | Found a staircase to the Depths.
 26598 | D:15     | Found a shadowy altar of Dithmenos.
 26758 | D:15     | Acquired the +0 hat of Withritu {Int+2 SInv}
 26772 | D:15     | Acquired a manual of Unarmed Combat
 26776 | D:15     | Acquired the ring "Xubacutoa" {rElec rPois rN+ MP+9}
 26777 | D:15     | Acquired a manual of Throwing
 26943 | Swamp:1  | Entered Level 1 of the Swamp
 27097 | Swamp:1  | Reached skill level 13 in Unarmed Combat
 27510 | Swamp:1  | Identified the +2 long sword "Tuledd" {freeze, rN+ SInv}
                  | (Okawaru gifted it to you on level 1 of the Swamp)
 27510 | Swamp:1  | Received a gift from Okawaru
 27965 | Swamp:2  | Noticed a thorn hunter
 27982 | Swamp:2  | Killed a thorn hunter
 28376 | Swamp:2  | Noticed a tentacled monstrosity
 28387 | Swamp:2  | Killed a tentacled monstrosity
 28417 | Swamp:2  | Noticed a tentacled monstrosity
 28425 | Swamp:2  | Noticed Aizul
 28427 | Swamp:2  | Killed a tentacled monstrosity
 28455 | Swamp:2  | Killed Aizul
 28813 | Swamp:3  | Noticed Jorgrun
 28818 | Swamp:3  | Killed Jorgrun
 28818 | Swamp:3  | Identified the +0 robe "Zoqon" {Dex+2} (Okawaru gifted it
                  | to you on level 3 of the Swamp)
 28818 | Swamp:3  | Received a gift from Okawaru
 29053 | Swamp:3  | Noticed Louise
 29057 | Arena    | Entered the Arena
 29073 | Arena    | Killed Louise
 29546 | Swamp:4  | Entered Level 4 of the Swamp
 29704 | Swamp:4  | Identified the ring "Jayll" {*Corrode rElec Will+ MP+9
                  | Stlth-}
 30079 | Swamp:4  | Reached XP level 17. HP: 170/170 MP: 24/24
 30086 | Swamp:4  | Reached skill level 14 in Unarmed Combat
 30411 | Swamp:4  | Learned a level 3 spell: Portal Projectile
 30732 | Swamp:4  | Received a gift from Okawaru
 30904 | Swamp:4  | Reached skill level 1 in Translocations
 30948 | Swamp:4  | Paralysed by a great orb of eyes for 4 turns
 31296 | Swamp:4  | Reached skill level 1 in Hexes
 31319 | Swamp:4  | Got a decaying rune of Zot
 31503 | Spider:1 | Entered Level 1 of the Spider Nest
 31768 | Spider:1 | Identified the +2 robe of Entitlement {Dex+2 Slay+3 Stlth-}
                  | (Okawaru gifted it to you on level 1 of the Spider Nest)
 31768 | Spider:1 | Received a gift from Okawaru
 32743 | Spider:1 | HP: 7/172 [tarantella (6)]
 33317 | Spider:2 | Reached skill level 15 in Unarmed Combat
 33360 | Spider:2 | HP: 6/172 [poisoned by a redback]
 33361 | Spider:2 | Slain by a jumping spider

Illustrated notes

Levels and vault maps discovered:
D:1:      minmay_arrival_solitary_statue, layout_basic, serial_corexii_hall,
          corexii_hall_statues_l, chequers_hall_statues_corner_a, serial_shops,
          nicolae_shop_bloodbath_and_beyond
D:2:      layout_loops_cross, basic_altar, minivault_19
D:3:      layout_rooms, hellmonk_ecumenical_altar_the_god_not_taken,
          uniq_grinder, uniq_natasha, uniq_ijyb
D:4:      layout_cave_pools, hangedman_decor_diamond_cutter, uniq_edmund
D:5:      layout_loops_corners, general_overflow_altar,
          minmay_temple_entry_gardened_gates, serial_shops,
          nicolae_lakefront_shop, kennysheep_mini_moat, nicolae_stop_n_shop_1,
          nicolae_inconvenience_store, minmay_pentangle, uniq_blork_the_orc,
          uniq_sigmund
D:6:      layout_basic, tgw_kikubaaqudgha, portal_sewer_entry_d, uniq_maggie
D:7:      layout_loops_corners, trog_three_pillars_becter, enter_ossuary_3
D:8:      layout_basic, nzn_wu_jian_council_hall, due_lair_maze_entry_diamond,
          kennysheep_generic_room_9
D:9:      layout_roguey, gammafunk_temple_overflow_pools,
          kennysheep_just_a_vault
D:10:     layout_layer_cave, enter_trove_5,
          minmay_guarded_unrand_staff_of_olgreb, uniq_nergalle
D:11:     layout_loops_ring, erik_orc_2, serial_shops,
          nicolae_shop_advertising_works [nicolae_subvault_shop_adworks],
          minivault_21
D:12:     minmay_connected_triangles_in_corner, layout_loops_ring, drop_trap
D:13:     layout_cave_pools, david_vaults_4
D:14:     layout_long_grid, elyvilon_altar_4, uniq_frances
D:15:     grunt_enter_depths_magical_seal, layout_loops_ring,
          gammafunk_ghost_tricky_traps, lemuel_coloured_pillars_altar
Temple:   regret_index_temple_sphere_string
Lair:1:   layout_chaotic_city, enter_volcano_3, serial_bayou_shore_a
Lair:2:   wander_river, layout_small_grid, skrybe_swamp_entry_bodies,
          basic_altar
Lair:3:   layout_misc_corridors, spider_nest_entry_funnel_web,
          grunt_forest_small_clearing_treed, grunt_megastairs_5
Lair:4:   layout_big_grid, minmay_lair_oklob_bushes, worms_lemuel
Lair:5:   layout_gridlike, hangedman_tree_tricks, beast_lair_carwin_2,
          infiniplex_staircase_pool
Lair:6:   minmay_lair_end_enchanted_forest, layout_hall_layers, slime_altar_1
Swamp:1:  layout_basic_swamp, nicolae_swamp_round_clearing
Swamp:2:  layout_basic_swamp, evilmike_swamp_ruin_rubble_1, swamp_pool2,
          uniq_aizul
Swamp:3:  layout_basic_swamp, nicolae_swamp_big_swirl, swamp_pool2,
          uniq_jorgrun, uniq_louise
Swamp:4:  swamp_vile, layout_basic_swamp
Spider:1: layout_spider_delve
Spider:2: layout_spider_delve, spiders_nest_hornet_nest
Orc:1:    layout_diamond_mine, nicolae_orc_rockfall
Orc:2:    pubby_orc_utopia, uniq_azrael

Skill      XL: |  1  2  3  4  5  6  7  8  9 10 11 12 13 14 15 16 17 |
---------------+----------------------------------------------------+-----
Unarmed Combat | 1 2 3 4 5 7 8 9 10 11 12 13 15 | 15.0
Fighting       | 2 3 4 5 6 7 8 9 10 11 12 | 12.0
Dodging        | 2 3 4 5 6 7 8 9 10 11 | 11.9
Throwing       | 4 5 6 7 8 9 10 11 12 13 14 | 14.3
Invocations    | 1 4 5 7 8 9 10 11 | 11.3
Shields        | 3 5 6 7 8 9 |  9.1
Armour         | 2 4 5 6 7 |  7.5
Translocations | 2 |  2.5
Hexes          | 2 |  2.1
Stealth        | |  0.3

Action                   |  1- 3 |  4- 6 |  7- 9 | 10-12 | 13-15 | 16-18 || total
-------------------------+-------+-------+-------+-------+-------+-------++-------
Melee: Unarmed           |   105 |   114 |   563 |   799 |  2020 |  1332 ||  4933
       Punch             |       |     3 |     9 |    15 |       |       ||    27
       Dagger            |       |       |       |       |     3 |       ||     3
Throw: Stone             |       |       |    54 |    97 |       |       ||   151
       Dart              |       |       |     7 |     3 |    39 |    30 ||    79
       Large rock        |       |       |       |     4 |    24 |    23 ||    51
       Boomerang         |       |       |       |       |    80 |   103 ||   183
 Cast: Portal Projectile |       |       |       |       |       |     2 ||     2
Invok: Heroism           |       |       |       |     1 |     1 |     1 ||     3
       Duel              |       |       |       |       |       |     1 ||     1
Evoke: Wand              |       |       |       |       |       |     1 ||     1
  Use: Potion            |       |       |       |     1 |       |    10 ||    11
       Scroll            |       |       |       |    17 |    19 |    11 ||    47
 Stab: Sleeping          |     2 |       |     1 |       |     2 |       ||     5
       Invisible         |       |       |       |       |       |     3 ||     3
Armor: Robe              |    25 |    23 |   140 |    15 |   447 |       ||   650
       Acid dragon scale |       |       |       |   248 |   124 |       ||   372
       Troll leather arm |       |       |       |       |    21 |   345 ||   366
Dodge: Dodged            |    59 |    68 |   416 |   570 |  1405 |  1135 ||  3653
Block: Kite shield       |       |       |       |   155 |  1237 |  1087 ||  2479
       Tower shield      |       |       |       |       |       |     3 ||     3

Table legend: (Time is in decaauts)
 A = Elapsed time spent in this place.
 B = Non-inter-level travel time spent in this place.
 C = Inter-level travel time spent in this place.
 D = Time resting spent in this place.
 E = Time spent auto-exploring this place.
 F = Levels seen in this place.
 G = Mean time per level.
                   A        B        C        D        E       F      G
               +--------+--------+--------+--------+--------+-----+--------+
         Total |  32795 |  31415 |   1380 |    937 |  19850 |  35 |  937.0 |
       Dungeon |  15504 |  14630 |    874 |    405 |   9750 |  15 | 1033.6 |
        Temple |    126 |    126 |      0 |      0 |     83 |   1 |  126.0 |
          Lair |   7303 |   6999 |    304 |    186 |   4432 |   6 | 1217.2 |
         Swamp |   4295 |   4144 |    151 |    277 |   2613 |   4 | 1073.8 |
   Spider Nest |   1422 |   1411 |     11 |     11 |    648 |   2 |  711.0 |
  Orcish Mines |   2689 |   2651 |     38 |     25 |   1543 |   2 | 1344.5 |
         Trove |    123 |    123 |      0 |      0 |     75 |   1 |  123.0 |
         Sewer |    619 |    619 |      0 |     29 |    370 |   1 |  619.0 |
       Ossuary |    284 |    284 |      0 |      0 |    138 |   1 |  284.0 |
       Volcano |    385 |    385 |      0 |      2 |    168 |   1 |  385.0 |
         Arena |     42 |     42 |      0 |      0 |     29 |   1 |   42.0 |
               +--------+--------+--------+--------+--------+-----+--------+

Top non-repeatable levels by time:
   Orc:2: 2104 daAuts
 Swamp:4: 1759 daAuts
    D:10: 1720 daAuts
    D:11: 1689 daAuts
  Lair:6: 1557 daAuts
     D:8: 1476 daAuts
  Lair:2: 1352 daAuts
  Lair:3: 1241 daAuts
     D:5: 1230 daAuts
  Lair:4: 1150 daAuts
     D:7: 1119 daAuts
    D:14: 1104 daAuts
     D:9: 1053 daAuts
  Lair:5: 1013 daAuts
  Lair:1: 988 daAuts
